Map: 여명 - 래더 (공허의 유산)

Players

Hurricane

  • Race: Protoss Protoss
  • League: Master
  • Spawn Location: 1:00

INnoVation - Winner!

  • Race: Terran Terran
  • League: Master
  • Spawn Location: 7:00

VOD

Have the link to the VOD?

Description

Time

  • Played on: Nov. 27, 2016, 3:52 a.m.
  • Length: 12:27
Show
View Real Time Build Order
Export as new Build Order

Hurricane Protoss 

Build Orders: Oracle Opening, Phoenix Opening 

Get SALT Encoding   

  12  0:00  Probe (Chrono Boost)  
  13  0:11  Probe (Chrono Boost)  
  14  0:18  Pylon  
  14  0:22  Probe (Chrono Boost)  
  15  0:36  Probe (Chrono Boost)  
  15  0:37  Gateway  
  16  0:42  Assimilator  
  16  0:47  Probe (Chrono Boost)  
  17  0:53  Assimilator  
  17  0:57  Probe (Chrono Boost)  
  18  1:08  Probe (Chrono Boost)  
  19  1:13  Pylon  
  20  1:18  Probe (Chrono Boost)  
  20  1:23  Cybernetics Core  
  20  1:29  Probe (Chrono Boost)  
  21  1:39  Probe (Chrono Boost)  
  22  1:51  Nexus  
  23  1:55  Probe (Chrono Boost)  
  23  1:56  Adept  
  26  2:08  Probe (Chrono Boost)  
  26  2:13  Stargate  
  26  2:19  Warp Gate  
  26  2:20  Probe (Chrono Boost)  
  27  2:24  Adept  
  29  2:32  Probe (Chrono Boost)  
  30  2:39  Pylon  
  30  2:43  Probe (Chrono Boost)  
  31  2:53  Oracle  
  31  2:57  Adept  
  37  2:58  Probe (Chrono Boost)  
  37  3:07  Probe (Chrono Boost)  
  38  3:15  Probe (Chrono Boost)  
  38  3:18  Probe (Chrono Boost)  
  40  3:24  Oracle  
  41  3:27  Probe (Chrono Boost)  
  41  3:30  Probe (Chrono Boost)  
  43  3:39  Probe (Chrono Boost)  
  45  3:41  Probe (Chrono Boost)  
  45  3:46  Gateway  
  45  3:48  Gateway  
  45  3:51  Probe (Chrono Boost)  
  45  3:52  Probe (Chrono Boost)  
  47  3:57  Phoenix  
  47  4:02  Pylon, Mothership Core (Chrono Boost)  
  51  4:09  Probe (Chrono Boost)  
  52  4:20  Assimilator x2  
  52  4:21  Probe (Chrono Boost)  
  52  4:22  Phoenix  
  53  4:25  Probe (Chrono Boost)  
  57  4:32  Adept  
  57  4:33  Probe (Chrono Boost)  
  59  4:39  Probe (Chrono Boost), Pylon  
  59  4:45  Probe (Chrono Boost)  
  61  4:49  Probe (Chrono Boost)  
  61  4:51  Pylon  
  62  4:54  Phoenix  
  62  4:58  Forge  
  64  5:01  Probe (Chrono Boost), Robotics Facility  
  64  5:02  Probe (Chrono Boost)  
  66  5:11  Nexus  
  66  5:17  Phoenix  
  66  5:19  Probe (Chrono Boost)  
  69  5:23  Adept  
  69  5:24  Adept  
  69  5:27  Adept  
  75  5:35  Pylon  
  75  5:38  Photon Cannon  
  75  5:43  Phoenix  
  77  5:56  Adept x3  
  83  5:59  Probe x2 (Chrono Boost)  
  83  6:00  Protoss Ground Weapons Level 1  
  86  6:04  Observer  
  86  6:11  Phoenix  
  77  6:23  Probe (Chrono Boost)  
  77  6:24  Probe (Chrono Boost)  
  79  6:26  Probe (Chrono Boost)  
  79  6:30  Twilight Council  
  78  6:34  Adept x2, Sentry  
  78  6:35  Probe (Chrono Boost)  
  78  6:36  Probe x2 (Chrono Boost)  
  78  6:39  Observer  
  87  6:45  Gateway  
  87  6:46  Gateway  
  89  6:47  Probe (Chrono Boost), Gateway  
  89  6:49  Probe (Chrono Boost)  
  89  6:51  Probe (Chrono Boost)  
  91  6:56  Resonating Glaives  
  91  6:59  Probe (Chrono Boost)  
  92  7:07  Probe (Chrono Boost)  
  93  7:08  Pylon  
  93  7:14  Gateway  
  93  7:16  Pylon, Gateway  
  93  7:17  Pylon, Assimilator  
  93  7:19  Pylon  
  93  7:21  Warp Prism, Assimilator  
  93  7:26  Probe (Chrono Boost)  
  93  7:28  Probe (Chrono Boost)  
  97  7:30  Robotics Bay  
  97  7:32  Probe (Chrono Boost)  
  97  7:33  Robotics Facility  
  98  7:44  Probe (Chrono Boost)  
  97  8:02  Immortal, Adept x2  
  97  8:03  Adept  
  97  8:04  Phoenix  
  101  8:07  Protoss Ground Weapons Level 2  
  105  8:24  Adept x2  
  105  8:25  Adept x6  
  121  8:29  Observer  
  121  8:31  Pylon  
  121  8:33  Colossus  
  125  8:46  Pylon  
  95  8:48  Adept x2  
  95  8:49  Adept  
  95  8:54  Colossus  
  95  8:55  Stalker x4  
  103  8:56  Adept  
  103  9:15  Adept, Stalker x2  
  101  9:20  Adept x3, Stalker x2  
  91  9:35  Stalker  
  83  9:38  Stalker  
  83  9:39  Stalker  
  83  9:44  Stalker x2  
  83  9:45  Blink  
  81  9:50  Probe (Chrono Boost)  
  81  9:51  Probe x2 (Chrono Boost)  
  82  9:53  Extended Thermal Lance  
  82  9:59  Sentry  
  84  10:01  Probe (Chrono Boost)  
  84  10:03  Probe (Chrono Boost)  
  86  10:13  Colossus  
  86  10:15  Probe (Chrono Boost)  
  86  10:16  Probe x2 (Chrono Boost)  
  86  10:19  Protoss Ground Armor Level 1  
  95  10:23  Observer  
  95  10:27  Forge  
  96  10:32  Stalker  
  96  10:34  Stalker  
  100  10:41  Mothership Core (Chrono Boost), Stalker  
  104  10:44  Stalker  
  104  10:47  Warp Prism  
  106  10:56  Pylon  
  108  11:08  Adept x2, Sentry  
  114  11:20  Pylon  
  114  11:24  Adept x3, Sentry, Photon Cannon  
  122  11:33  Disruptor  
  122  11:37  Disruptor  
  128  11:45  Nexus  
  128  11:54  Pylon  
  126  12:04  Stalker x4  
  100  12:16  Adept x2  
  100  12:17  Adept x2  
Show
View Real Time Build Order
Export as new Build Order

INnoVation Terran - Winner!

Build Orders: Liberator Opening, Reaper Expand, MMM Bio 

Get SALT Encoding   

  12  0:00  SCV  
  13  0:12  SCV  
  14  0:17  Supply Depot  
  14  0:25  SCV  
  15  0:29  Refinery  
  15  0:39  SCV  
  16  0:45  Barracks  
  16  0:51  SCV  
  17  1:03  SCV  
  18  1:15  SCV  
  19  1:32  Orbital Command, Reaper  
  20  1:43  Command Center  
  20  1:54  Factory  
  20  1:58  SCV  
  21  2:05  Refinery  
  21  2:06  Barracks Reactor  
  21  2:10  SCV  
  21  2:15  Supply Depot  
  22  2:22  SCV  
  23  2:36  SCV  
  23  2:38  Starport  
  23  2:41  Widow Mine  
  23  2:42  Marine x2  
  27  2:48  SCV  
  28  2:55  Orbital Command  
  28  3:00  Marine x2  
  28  3:01  SCV  
  31  3:09  Widow Mine  
  32  3:15  Medivac  
  32  3:18  Marine x2  
  35  3:20  SCV  
  35  3:23  SCV  
  36  3:32  SCV  
  37  3:35  SCV  
  37  3:36  Marine x2  
  39  3:43  Cyclone  
  39  3:46  Supply Depot  
  42  3:49  SCV x2  
  42  3:53  Marine  
  40  3:56  Marine  
  40  3:59  Liberator  
  38  4:05  SCV x2  
  40  4:15  Cyclone  
  44  4:20  SCV x2  
  44  4:24  Marine x2  
  46  4:30  Supply Depot  
  48  4:33  SCV x2  
  50  4:42  Marine x2  
  52  4:47  SCV x2  
  52  4:51  Cyclone  
  57  4:57  Supply Depot  
  57  5:01  Barracks, Marine x2  
  57  5:04  SCV x2  
  61  5:09  Engineering Bay  
  61  5:15  Supply Depot  
  61  5:16  SCV  
  61  5:18  SCV  
  63  5:23  Marine x2  
  63  5:26  Cyclone  
  68  5:30  SCV x2  
  70  5:36  Missile Turret x2  
  70  5:41  Marine  
  70  5:42  Starport Reactor, Marine  
  72  5:44  SCV x2  
  74  5:56  SCV x2, Barracks Tech Lab  
  75  5:57  Barracks  
  75  5:59  Marine x2  
  75  6:04  Factory Reactor  
  77  6:05  Terran Infantry Weapons Level 1  
  77  6:06  Refinery  
  77  6:08  SCV x2  
  61  6:19  Marine x2  
  61  6:20  Stimpack, SCV x2, Marine  
  61  6:32  SCV  
  59  6:33  SCV  
  59  6:34  Medivac x2  
  59  6:37  Marine x2  
  59  6:38  Marine  
  67  6:41  Widow Mine x2  
  67  6:42  Refinery  
  67  6:44  SCV  
  67  6:45  Barracks Tech Lab, SCV  
  73  6:48  Supply Depot  
  73  6:53  Liberator  
  73  6:55  Marine x3  
  73  6:57  SCV x2  
  78  7:05  Liberator  
  77  7:09  Combat Shields, SCV  
  77  7:10  SCV, Marine  
  77  7:12  Supply Depot  
  77  7:13  Marine x3  
  77  7:14  Supply Depot  
  89  7:24  Widow Mine  
  89  7:27  Widow Mine, Marine  
  94  7:37  Marine x3  
  94  7:39  Supply Depot  
  94  7:43  Liberator  
  96  7:45  Marine  
  96  7:48  Liberator, Command Center  
  93  7:52  Widow Mine  
  93  7:55  Widow Mine  
  95  8:05  Marine x4  
  102  8:08  Supply Depot, SCV x2  
  104  8:13  Terran Infantry Armor Level 1  
  104  8:21  Barracks, SCV  
  104  8:22  SCV  
  104  8:23  Barracks  
  106  8:29  Widow Mine x2  
  110  8:37  Liberator x2  
  110  8:43  Marine x3  
  110  8:47  SCV x2  
  108  8:59  SCV x2  
  100  9:11  Barracks Reactor, Marine x2, Marauder x2, Barracks Tech Lab  
  100  9:13  SCV  
  100  9:14  Widow Mine x2, SCV  
  112  9:21  Supply Depot  
  112  9:31  SCV x2  
  100  9:32  Marauder x2, Marine x2  
  100  9:33  Orbital Command, Marauder  
  95  9:49  Medivac x2  
  91  9:55  Starport  
  91  9:57  Marauder x3  
  97  10:00  Marine x2  
  97  10:02  Marine  
  97  10:03  Marine  
  101  10:10  Refinery x2  
  101  10:19  Marauder x3  
  106  10:22  Marine  
  106  10:23  Marine x3  
  106  10:28  Medivac x2  
  112  10:31  Viking x2  
  112  10:35  Ghost Academy  
  118  10:40  Marauder x3, Marine x3  
  118  10:41  Marine  
  128  10:48  Supply Depot  
  128  10:50  Supply Depot  
  128  10:58  Viking x2, Marine x4  
  128  11:00  Viking  
  128  11:01  Viking  
  128  11:02  Marauder x3  
  146  11:05  Concussive Shells  
  146  11:06  Supply Depot  
  146  11:22  Marine x4  
  146  11:23  Marauder x2  
  146  11:24  Marauder  
  156  11:28  Viking  
  156  11:29  Viking  
  156  11:31  Supply Depot  
  156  11:32  Supply Depot  
  160  11:34  Viking  
  160  11:36  Viking  
  162  11:49  Marauder  
  162  11:50  Marauder x2  
  162  11:52  Marine x4  
Tags
 
Add a new tag
Caveats
  • Supply blocks, unpowered buildings, or Contaminate may cause inaccurate times.
  • Supply counts are checked every 10 seconds.